 Dungeon Crawl Stone Soup version 0.30.1-11-g7821555f0a (webtiles) character file.

Game seed: 11778457114404537345

2981 kutty the Destroyer (level 9, -1/50 HPs)
             Began as a Tengu Conjurer on Nov 7, 2023.
             Slain by a killer bee (6 damage)
             ... on level 6 of the Dungeon.
             The game lasted 00:14:04 (8048 turns).

kutty the Destroyer (Tengu Conjurer)                Turns: 8048, Time: 00:14:04

Health: -1/50      AC:  2    Str:  7    XL:     9   Next: 83%
Magic:  19/19      EV: 13    Int: 23    God:
Gold:   196        SH:  5    Dex: 13    Spells: 14/20 levels left

rFire   . . .        v - +2 whip of the Queen {spect, rPois}
rCold   . . .        h - +0 buckler
rNeg    . . .        a - +0 robe
rPois   +            (helmet restricted)
rElec   .            (no cloak)
rCorr   .            (no gloves)
SInv    .            (boots unavailable)
Will    .....        (no amulet)
Stlth   ++           (no ring)
HPRegen 0.28/turn    (no ring)
MPRegen 0.16/turn

%: no passive effects
@: flying quickly and evasively, studying Ranged Weapons, quick
A: beak, talons 3, nimble flight
a: no special abilities


You were on level 6 of the Dungeon.
You visited 1 branch of the dungeon, and saw 7 of its levels.

You collected 196 gold pieces.

Inventory:

Hand Weapons
 v - the +2 whip of the Queen (weapon) {spect, rPois}
   (You found it on level 4 of the Dungeon)

   rPois:     It protects you from poison.
Missiles
 s - 2 throwing nets
 D - 6 curare-tipped darts
Armour
 a - a +0 robe (worn)
 h - a +0 buckler (worn)
Jewellery
 c - a ring of wizardry
 g - a ring of magical power
 u - an amulet of magic regeneration
Wands
 w - a wand of iceblast (9)
 G - a wand of polymorph (14)
 H - a wand of flame (15)
Scrolls
 d - a scroll of teleportation {unknown}
 f - a scroll of fear
 i - 2 scrolls of poison
 k - a scroll of enchant weapon
 l - a scroll of noise {unknown}
 o - a scroll of blinking
 q - a scroll of amnesia {unknown}
 t - a scroll of fog {unknown}
 y - a scroll of torment {unknown}
 B - a scroll of magic mapping {unknown}
 C - 2 scrolls of enchant armour {unknown}
 E - a scroll of silence {unknown}
 I - a scroll of butterflies {unknown}
Potions
 b - a potion of magic
 e - a potion of lignification
 j - a potion of brilliance
 m - a potion of attraction
 n - 2 potions of haste
 p - 2 potions of curing {@q1}
 r - a potion of berserk rage
 x - 2 potions of might
 z - 2 potions of degeneration {unknown}
 F - 2 potions of invisibility {unknown}
Miscellaneous
 A - a box of beasts (inert)


   Skills:
 - Level 3.0 Fighting
 - Level 2.1 Dodging
 - Level 2.0 Stealth
 - Level 4.0 Shields
 - Level 6.0 Spellcasting
 - Level 12.0 Conjurations
 + Level 5.7 Ice Magic


You had 14 spell levels left.
You knew the following spells:

 Your Spells              Type           Power      Damage    Failure   Level
a - Magic Dart            Conj           100%       1d8       1%          1
b - Searing Ray           Conj           100%       2d8       1%          2
c - Hailstorm             Conj/Ice       47%        3d11      1%          3

Your spell library contained the following spells:

 Spells                   Type           Power      Damage    Failure   Level
 Freeze                   Ice            100%       1d10      1%          1
 Dazzling Flash           Conj/Hex       68%        N/A       3%          3
 Frozen Ramparts          Ice            66%        1d10      3%          3
 Fulminant Prism          Conj/Hex       17%        3d11      11%         4
 Iskenderun's Mystic Bla  Conj/Tloc      34%        2d8       11%         4
 Manifold Assault         Tloc           6%         N/A       78%         4
 Simulacrum               Ice/Necr       10%        N/A       99%         6
 Dispersal                Tloc           3%         N/A       100%        6
 Ozocubu's Refrigeration  Ice            16%        4d11      100%        7
 Disjunction              Tloc           3%         N/A       100%        8
 Polar Vortex             Ice            16%        N/A       100%        9


Dungeon Overview and Level Annotations

Branches:
Dungeon (7/15)
 Temple: D:4-7

Altars:
Cheibriados
Dithmenos
Elyvilon

Shops:
D:3 =   D:6 *


Innate Abilities, Weirdness & Mutations

You have a beak for a mouth.
You have claws for feet.
Your magical nature lets you fly swiftly and evasively.


Message History

The killer bee stings you. The killer bee barely misses you.
The searing ray hits the killer bee!
You kill the killer bee!
The searing ray hits the killer bee!
You kill the killer bee!
Magic restored.
HP restored.
Done exploring.
There is a stone staircase leading down here.
You fly downwards.
The killer bee closely misses you. The killer bee misses you.
There is a stone staircase leading up, spattered with blood here.
Aiming: Magic Dart (safe; 1% risk of failure)
Press: ? - help, Q - select action, (/) - cycle Shift-Dir - straight line, f - killer bee
Aim: a killer bee (100% to hit)
The magic dart hits the killer bee.
The killer bee is lightly wounded.
The killer bee closely misses you. You block the killer bee's attack.
The killer bee barely misses you. The killer bee stings you.
The killer bee barely misses you. The killer bee misses you.
The killer bee stings you!
You fly upwards.
There is a stone staircase leading down here.
The killer bee closely misses you. The killer bee stings you.
The killer bee attacks as you move away!
The killer bee stings you but does no damage.
The killer bee attacks as you move away!
The killer bee closely misses you. You block the killer bee's attack.
The killer bee stings you! You block the killer bee's attack.
The killer bee stings you! The killer bee stings you.
* * * LOW HITPOINT WARNING * * *
The killer bee attacks as you move away!
The killer bee stings you!
* * * LOW HITPOINT WARNING * * *
The killer bee misses you.
The killer bee stings you but does no damage.
The killer bee attacks as you move away!
The killer bee stings you.
You die...

###.........##..[................
.................)...............
###############.[...##...........
............#.#....>##...........
####........#.[........##########
#........#.##.......########## #
#........#.#............(....#
####......>.#...yy..##..........#
#...........####@)..##..........#
#...###...#.......####...........
.....##...############...........
.................................
...............##############....
...............######............
#####...........................#
#####............................
....+............################


You could see 2 killer bees.

Vanquished Creatures
  Pikel (D:4)
  The ghost of cermafil the Fighter, a novice DsMo (D:4)
  A hornet (D:6)
  Sigmund (D:3)
  2 water moccasins (D:6)
  3 ogres
  3 lemures (D:4)
  3 scorpions
  4 killer bees
  7 hounds
  A jelly (D:6)
  5 orc priests
  Natasha (thrice) (D:3)
  2 iguanas
  7 orc wizards
  7 adders
  3 gnolls (D:3)
  2 shadow imps (D:6)
  A white imp (D:5)
  2 worms (D:3)
  2 dart slugs
  16 orcs
  10 ball pythons
  A bat (D:1)
  13 endoplasms
  5 giant cockroaches
  5 goblins
  6 hobgoblins
  4 kobolds
  4 quokkas
  9 frilled lizards
  3 rats
137 creatures vanquished.

Vanquished Creatures (collateral kills)
  A water moccasin (D:6)
1 creature vanquished.

Grand Total: 138 creatures vanquished

Notes
Turn   | Place    | Note
-------+----------+-------------------------------------------
     0 | D:1      | kutty the Tengu Conjurer began the quest for the Orb.
     0 | D:1      | Reached XP level 1. HP: 10/10 MP: 4/4
   148 | D:1      | Reached skill level 1 in Fighting
   203 | D:1      | Reached XP level 2. HP: 16/16 MP: 0/6
   786 | D:1      | Reached XP level 3. HP: 20/20 MP: 2/7
   789 | D:1      | Learned a level 2 spell: Searing Ray
  1487 | D:2      | Reached skill level 1 in Shields
  1487 | D:2      | Reached skill level 6 in Conjurations
  1612 | D:2      | Found a snail-covered altar of Cheibriados.
  1628 | D:2      | Found a faded altar of an unknown god.
  1674 | D:2      | Reached XP level 4. HP: 25/25 MP: 7/9
  2183 | D:3      | Noticed Sigmund
  2195 | D:3      | Killed Sigmund
  2196 | D:3      | Gained mutation: Your magical nature lets you fly swiftly
                  | and evasively. [Tengu growth]
  2196 | D:3      | Reached XP level 5. HP: 22/29 MP: 2/11
  2526 | D:3      | Reached XP level 6. HP: 34/34 MP: 5/12
  2575 | D:3      | Found Pafev's Jewellery Emporium.
  2838 | D:3      | Noticed Natasha
  2841 | D:3      | Killed Natasha
  2904 | D:3      | Noticed Natasha
  2910 | D:3      | Killed Natasha
  3284 | D:3      | Found Pafev's Jewellery Emporium.
  3348 | D:3      | Noticed Natasha
  3351 | D:3      | Killed Natasha
  3352 | D:3      | Reached skill level 7 in Conjurations
  4145 | D:4      | Found a runed translucent door.
  4275 | D:4      | Reached XP level 7. HP: 38/38 MP: 9/14
  4296 | D:4      | Noticed Pikel
  4464 | D:4      | Identified the +2 whip of the Queen {spect, rPois}
  4512 | D:4      | Killed Pikel
  4513 | D:4      | Reached skill level 8 in Conjurations
  4513 | D:4      | Reached skill level 5 in Spellcasting
  4513 | D:4      | Reached skill level 9 in Conjurations
  4513 | D:4      | Reached XP level 8. HP: 24/43 MP: 5/16
  4950 | D:4      | Noticed cermafil's ghost (novice DsMo)
  5107 | D:4      | Killed cermafil's ghost
  5108 | D:4      | Reached skill level 10 in Conjurations
  5285 | D:5      | Entered Level 5 of the Dungeon
  5353 | D:5      | Found a white marble altar of Elyvilon.
  5520 | D:5      | Found a shadowy altar of Dithmenos.
  5591 | D:5      | Reached skill level 11 in Conjurations
  5735 | D:5      | Reached XP level 9. HP: 35/47 MP: 4/19
  6042 | D:5      | Reached skill level 12 in Conjurations
  6046 | D:5      | Learned a level 3 spell: Hailstorm
  6474 | D:6      | Noticed a hornet
  6497 | D:6      | Reached skill level 1 in Ice Magic
  6794 | D:6      | Killed a hornet
  6987 | D:6      | Found Farhuah's General Store.
  7781 | D:7      | Reached skill level 5 in Ice Magic
  8048 | D:6      | Slain by a killer bee

Illustrated notes

Levels and vault maps discovered:
D:1:      ldierk_walled_garden_2, layout_loops_ring
D:2:      layout_basic, basic_altar, shapermc_ecumenical_altar_mp_highgroup
D:3:      layout_basic, serial_shops, shop, minmay_distorted, uniq_natasha,
          uniq_sigmund
D:4:      layout_loops_ring, ebering_ghost_sewer_d,
          hangedman_abyss_or_decor_slice, uniq_pikel
D:5:      layout_gridville, mainiacjoe_overflow_catch_the_wave,
          minmay_manual_mess
D:6:      layout_basic, serial_shops, shop, nicolae_sextant, minivault_11,
          minmay_misc_feat_alley
D:7:      layout_loops_cross, mainiacjoe_overflow_divided_tiny,
          minmay_temple_entry_nine_rooms, roderic_lattice_a,
          minmay_manual_monstrance

Skill      XL: |  1  2  3  4  5  6  7  8  9 |
---------------+----------------------------+-----
Fighting       | 1 3 |  3.0
Shields        | 1 3 4 |  4.0
Conjurations   | 6 7 9 11 12 | 12.0
Spellcasting   | 3 4 5 6 |  6.0
Ice Magic      | 5 |  5.7
Dodging        | |  2.1
Stealth        | |  2.0

Action                     |  1- 3 |  4- 6 |  7- 9 || total
---------------------------+-------+-------+-------++-------
  Melee: Unarmed           |     4 |       |       ||     4
         Kick              |     1 |       |       ||     1
   Cast: Magic Dart        |    68 |    63 |    93 ||   224
         Searing Ray       |       |    10 |    28 ||    38
         Hailstorm         |       |       |    21 ||    21
  Evoke: Wand              |       |       |     1 ||     1
         Box of beasts     |       |       |     1 ||     1
    Use: Scroll            |       |       |    11 ||    11
 Armour: Robe              |     2 |       |     5 ||     7
  Dodge: Dodged            |     3 |     7 |    45 ||    55
  Block: Buckler           |     1 |     2 |    17 ||    20
